 Dungeon Crawl Stone Soup version 0.26-a0-812-g31a745ddcd (webtiles) character file.

Game seed: 3184356808251492145

81 mkm the Stinger (level 4, -2/24 HPs)
             Began as a Gargoyle Venom Mage on Nov 25, 2020.
             Slain by a water moccasin (6 damage)
             ... on level 2 of the Dungeon.
             The game lasted 00:06:39 (2157 turns).

mkm the Stinger (Gargoyle Venom Mage)               Turns: 2157, Time: 00:06:40

Health: -2/24      AC:  8    Str:  8 (11) XL:     4   Next: 40%
Magic:  6/7        EV: 11    Int: 16 (17) God:
Gold:   76         SH:  0    Dex:  8 (10) Spells: 5/8 levels left

rFire    . . .     SeeInvis .   d - +0 mace
rCold    . . .     Faith    +   (no shield)
rNeg     + . .     Spirit   .   k - +0 leather armour
rPois    ∞         Reflect  .   (no helmet)
rElec    +         Harm     .   g - +1 cloak
rCorr    .         Rampage  .   (no gloves)
MR       .....                  (no boots)
Stlth    +.........             j - amulet of faith
HPRegen  0.08/turn              (no ring)
MPRegen  0.10/turn              (no ring)

@: no status effects
A: negative energy resistance 1, electricity resistance, unbreathing,
petrification resistance, rot immunity, AC +3
a: no special abilities


You were on level 2 of the Dungeon.
You visited 1 branch of the dungeon, and saw 2 of its levels.

You collected 76 gold pieces.

Inventory:

Hand Weapons
 d - a +0 mace (weapon)
Armour
 g - a +1 cloak (worn)
 k - a +0 leather armour (worn)
Jewellery
 j - an amulet of faith (around neck)
Scrolls
 a - a scroll of enchant armour
 e - a scroll of remove curse
 i - 2 scrolls of magic mapping
Potions
 b - a potion of flight


   Skills:
 + Level 0.1 Fighting
 + Level 0.5 Maces & Flails
 + Level 2.1 Dodging
 + Level 2.2 Stealth
 + Level 2.6 Spellcasting
 + Level 1.3 Transmutations
 + Level 3.9 Poison Magic


You had 5 spell levels left.
You knew the following spells:

 Your Spells              Type           Power        Failure   Level
a - Sting                 Tmut/Pois      ##..         10%         1
b - Poisonous Vapours     Pois/Air       #.....       19%         2

Your spell library contained the following spells:

 Spells                   Type           Power        Failure   Level
 Ignite Poison            Fire/Tmut/Pois #.......     38%         3
 Mephitic Cloud           Conj/Pois/Air  #.......     45%         3
 Olgreb's Toxic Radiance  Pois           ##......     50%         4


Dungeon Overview and Level Annotations

Branches:
Dungeon (2/15)

Altars:


Innate Abilities, Weirdness & Mutations

You are resistant to torment.
Your stone body is resilient. (AC +3)
You are immune to poison.
You resist negative energy. (rN+)
You are resistant to electric shocks. (rElec)
You can survive without breathing.
You are immune to petrification.
You are immune to rotting.


Message History

You closely miss the water moccasin.
The water moccasin is moderately wounded.
The water moccasin bites you.
The water moccasin bites you but does no damage.
You hit the water moccasin.
The water moccasin is heavily wounded.
The water moccasin bites you but does no damage.
The water moccasin barely misses you.
You completely miss the water moccasin.
The water moccasin is heavily wounded.
The water moccasin bites you.
The water moccasin completely misses you.
You hit the water moccasin.
The water moccasin is severely wounded.
The water moccasin bites you. x2
* * * LOW HITPOINT WARNING * * *
You barely miss the water moccasin.
The water moccasin is severely wounded.
The water moccasin bites you.
You die...

*,,**,*,* *,** **,,*
#.#.# *,,*,,*,*
*,,***,,** #....
*,,*,**,* *,,,,,,,*
###.# *,,,,,,,*
********* #.# **,,,,,,*
#.# ***,*****#### #.#
#,* *...* #########.#
#.#####S#,* #......).^#
#.....@.#.###†#.#.#####
####....#.....#.#.#
#.#######....#.#
#....#.....###.# ***
####.#.###.#*#.# *,,
#.#.# #.....# *,* #...#
####### *,* ##### *,,
**,


You could see a water moccasin.

Vanquished Creatures
  A jelly (D:2)
  3 adders (D:2)
  An ooze (D:1)
  A giant cockroach (D:2)
  3 goblins (D:1)
  A hobgoblin (D:2)
  2 quokkas (D:2)
  3 bats
  4 frilled lizards
  3 kobolds
  A rat (D:2)
23 creatures vanquished.

Notes
Turn   | Place    | Note
-------+----------+-------------------------------------------
     0 | D:1      | mkm the Gargoyle Venom Mage began the quest for the Orb.
     0 | D:1      | Reached XP level 1. HP: 10/10 MP: 3/3
   748 | D:1      | Reached XP level 2. HP: 15/15 MP: 1/5
  1437 | D:2      | Reached skill level 1 in Transmutations
  1607 | D:2      | Reached XP level 3. HP: 13/19 MP: 1/6
  1746 | D:2      | Learned a level 2 spell: Poisonous Vapours
  1973 | D:2      | Reached XP level 4. HP: 16/24 MP: 7/7
  2142 | D:2      | Noticed a water moccasin
  2157 | D:2      | Slain by a water moccasin

Illustrated notes

Levels and vault maps discovered:
D:1:      dpeg_arrival_central, layout_loops_ring, serial_forest,
          infiniplex_forest_clump_long, infiniplex_forest_clump_curved,
          infiniplex_forest_end_2, infiniplex_forest_clump_long,
          infiniplex_forest_straight_3
D:2:      layout_loops_cross, nicolae_gozag_seed_capital, minmay_pentomino_v4

Skill      XL: |  1  2  3 |
---------------+----------+-----
Transmutations | 1 |  1.3
Dodging        | 2 |  2.1
Fighting       | |  0.1
Maces & Flails | |  0.5
Stealth        | |  2.2
Spellcasting   | |  2.6
Poison Magic   | |  3.9

Action                   |  1- 3 |  4- 6 || total
-------------------------+-------+-------++-------
Melee: Mace              |    42 |    10 ||    52
 Cast: Sting             |    32 |     2 ||    34
       Poisonous Vapours |     3 |     2 ||     5
  Use: Potion            |     4 |       ||     4
       Scroll            |       |     5 ||     5
Armor: Robe              |    24 |       ||    24
       Leather armour    |     3 |     3 ||     6
Dodge: Dodged            |    48 |     6 ||    54

Table legend: (Time is in decaauts)
 A = Elapsed time spent in this place.
 B = Non-inter-level travel time spent in this place.
 C = Inter-level travel time spent in this place.
 D = Time resting spent in this place.
 E = Time spent auto-exploring this place.
 F = Levels seen in this place.
 G = Mean time per level.
                   A        B        C        D        E       F      G
               +--------+--------+--------+--------+--------+-----+--------+
         Total |   2175 |   2141 |     34 |    508 |   1354 |   2 | 1087.5 |
       Dungeon |   2175 |   2141 |     34 |    508 |   1354 |   2 | 1087.5 |
               +--------+--------+--------+--------+--------+-----+--------+

Top non-repeatable levels by time:
     D:1: 1375 daAuts
     D:2: 800 daAuts
